AoeStats
← Just Hhiji

Arena

509227119Analyzed
4v4 RM · 5d ago on Sep 26, 2026· 67m 42s· 8 players
Game mode
Random Map
Map size
Large (8 player)
Population
200
Speed
Normal
Resources
Standard
Victory
Conquest
Starting age
Dark Age
Ending age
Imperial Age
RankedLock teamsTeams togetherTeam positionsShared explorationLock speedFull tech treeHidden civsTurbo modeCheats
Victory
Defeat
🇲🇽 Aztecs · Mexico
1074
+13
🇦🇷 Franks · Argentina
1062
+13
🇹🇼 Goths · Taiwan
1058
+13
🇨🇳 Spanish · China
1025
+15
🇺🇸 Vikings · United States
1110
-18
🇨🇱 Goths · Chile
982
-13
🇺🇸 Britons · United States
967
-12
🇺🇸 Malay · United States
943
-11
鸿翔光大
9:45 Feudal Age
15:26 Castle Age
18:44 Double-Bit Axe
27:21 Wheelbarrow
26:34 Town Watch
27:01 Horse Collar
38:21 Imperial Age
37:34 Loom
44:19 Chemistry
44:46 Ballistics
52:32 Elite Skirmisher
Just Hhiji
11:11 Feudal Age
15:46 Castle Age
14:04 Double-Bit Axe
14:12 Stone Mining
14:34 Loom
16:51 Bow Saw
18:22 Wheelbarrow
18:25 Fletching
18:25 Town Watch
20:44 Husbandry
21:02 Gold Mining
22:48 Bodkin Arrow
22:34 Light Cavalry
25:26 Forging
27:15 Scale Barding Armor
30:20 Iron Casting
32:05 Chain Barding Armor
32:11 Hand Cart
36:27 Imperial Age
40:23 Conscription
40:51 Plate Barding Armor
40:37 Cavalier
41:37 Town Patrol
44:06 Gold Shaft Mining
44:13 Paladin
47:33 Blast Furnace
CCOO0021212189
12:09 Feudal Age
13:11 Double-Bit Axe
13:09 Horse Collar
15:44 Castle Age
16:03 Wheelbarrow
16:35 Bow Saw
19:14 Loom
23:47 Hand Cart
29:22 Imperial Age
26:58 Gold Mining
27:50 Fletching
28:58 Bodkin Arrow
29:13 Husbandry
29:25 Bloodlines
31:29 Chemistry
30:50 Ballistics
30:32 Bracer
31:54 Heavy Cavalry Archer
33:20 Anarchy
33:23 Squires
33:27 Scale Mail Armor
34:25 Town Watch
36:03 Man-at-Arms
37:07 Elite Huskarl
39:26 Chain Mail Armor
39:22 Forging
39:14 Padded Archer Armor
40:31 Conscription
42:01 Iron Casting
46:54 Pikeman
50:55 Blast Furnace
50:11 Leather Archer Armor
50:35 Halberdier
60:22 Long Swordsman
61:27 Stone Mining
61:56 Two-Handed Swordsman
66:37 Ring Archer Armor
65:50 Champion
Elma Kanon
11:22 Feudal Age
14:56 Castle Age
13:01 Double-Bit Axe
19:09 Horse Collar
22:35 Heavy Plow
22:47 Bow Saw
28:28 Imperial Age
26:32 Gold Mining
26:59 Stone Mining
27:37 Forging
28:27 Wheelbarrow
28:46 Stone Shaft Mining
29:40 Iron Casting
29:47 Crop Rotation
29:44 Gambesons
30:25 Hand Cart
31:32 Blast Furnace
31:14 Scale Mail Armor
31:26 Squires
32:30 Theocracy
32:14 Arson
32:49 Chain Mail Armor
32:55 Eagle Warrior
34:10 Plate Mail Armor
34:05 Elite Eagle Warrior
35:00 Loom
37:06 Garland Wars
37:07 Conscription
37:17 Elite Jaguar Warrior
38:27 Capped Ram
39:19 Siege Ram
43:27 Atlatl
44:28 Fletching
46:32 Chemistry
45:36 Padded Archer Armor
45:33 Bodkin Arrow
45:44 Elite Skirmisher
47:06 Leather Archer Armor
46:54 Bracer
51:02 Pikeman
shabolobodingdong
10:31 Feudal Age
18:17 Castle Age
16:12 Double-Bit Axe
16:37 Horse Collar
17:36 Gold Mining
27:26 Loom
28:18 Bow Saw
28:00 Stone Mining
29:41 Fletching
34:44 Imperial Age
32:40 Yeomen
32:26 Padded Archer Armor
34:08 Wheelbarrow
Quack Y Attack
9:31 Loom
11:24 Feudal Age
16:05 Castle Age
14:05 Horse Collar
14:49 Double-Bit Axe
15:56 Bow Saw
24:26 Wheelbarrow
25:16 Scale Barding Armor
25:22 Forging
26:24 Gold Mining
26:24 Stone Mining
26:55 Heavy Plow
30:05 Imperial Age
28:50 Fletching
29:19 Crossbowman
31:20 Arbalester
32:09 Bodkin Arrow
32:49 Thumb Ring
35:49 Chemistry
35:16 Ballistics
36:30 Elite Battle Elephant
53:53 Husbandry
55:25 Conscription
55:11 Forced Levy
54:43 Sappers
55:32 Bracer
56:07 Iron Casting
55:57 Man-at-Arms
56:38 Squires
56:24 Arson
57:01 Long Swordsman
57:51 Two-Handed Swordsman
60:34 Blast Furnace
PuneMahaWarrior
9:57 Feudal Age
14:53 Castle Age
12:40 Double-Bit Axe
13:06 Horse Collar
15:58 Bow Saw
17:15 Loom
20:19 Town Watch
22:30 Squires
24:01 Scale Mail Armor
25:13 Chain Mail Armor
25:58 Forging
26:17 Arson
27:50 Iron Casting
32:02 Imperial Age
33:14 Conscription
Agorismo
11:14 Feudal Age
11:47 Double-Bit Axe
11:43 Horse Collar
12:40 Wheelbarrow
11:58 Gold Mining
12:48 Stone Mining
18:47 Castle Age
17:03 Scale Mail Armor
17:56 Forging
19:08 Scale Barding Armor
20:30 Iron Casting
19:57 Heavy Plow
20:17 Hand Cart
21:00 Squires
21:58 Bow Saw
26:06 Anarchy
29:42 Chain Mail Armor
31:00 Chain Barding Armor
30:27 Treadmill Crane
31:06 Husbandry
31:40 Ballistics
32:17 Bloodlines
36:44 Imperial Age
35:15 Masonry
37:50 Conscription
37:35 Perfusion
37:08 Light Cavalry
38:25 Elite Huskarl
40:19 Crop Rotation
40:52 Two-Man Saw
40:54 Blast Furnace
41:53 Chemistry
40:56 Padded Archer Armor
43:09 Cavalier
47:02 Coinage
47:21 Elite Skirmisher
47:56 Fletching
48:21 Leather Archer Armor
48:57 Bodkin Arrow
54:24 Heavy Scorpion
57:03 Architecture
58:50 Murder Holes
58:40 Pikeman
59:06 Halberdier
Connection lost

Rejoining the realm…

Still unreachable

The connection could not be restored.

Session expired

The server has moved on; the page needs a fresh start.